PCL
CALGARY COWBOYS @ REDWOOD CITY REDWOODS
06/27/2024
 
TOP OF THE 1ST
Calgary Cowboys batting - Pitching for Redwood City Redwoods : LHP Vic Watts
Pitching: LHP Vic Watts
Batting: RHB Clark Hodge 0-0: Ball
1-0: Foul Ball, location: 2F
1-1: Swinging Strike
1-2: Strikes out swinging
Batting: RHB Mike Wilcox 0-0: Called Strike
0-1: Ball
1-1: Called Strike
1-2: Ball
2-2: Ball
3-2: Base on Balls
Batting: RHB Dan Wyatt 0-0: Ball
1-0: Called Strike
1-1: Ball
2-1: Grounds into double play, 4-6-3 (Groundball, 4M)
Top of the 1st over - 0 run(s), 0 hit(s), 0 error(s), 0 left on base; Calgary 0 - Redwood City 0
BOTTOM OF THE 1ST
Redwood City Redwoods batting - Pitching for Calgary Cowboys : RHP Bert Killick
Pitching: RHP Bert Killick
Batting: LHB Alfonso Montoya 0-0: Called Strike
0-1: Swinging Strike
0-2: Strikes out swinging
Batting: LHB Juan Hernández 0-0: Ball
1-0: Ball
2-0: Called Strike
2-1: Ball
3-1: Swinging Strike
3-2: Base on Balls
Batting: RHB Joe Flint 0-0: Foul Ball, location: 2F
0-1: Ball
1-1: Ball
2-1: Ball
3-1: Base on Balls
Juan Hernández to second
Batting: RHB Robinson Martínez 0-0: Ball
1-0: Foul Ball, location: 2F
1-1: Ball
2-1: Foul Ball, location: 2F
2-2: Foul Ball, location: 2F
2-2: DOUBLE (Flyball, 7D)
Juan Hernández scores
Joe Flint to third
Batting: LHB Tony Warrilow 0-0: Called Strike
0-1: Ball
1-1: Ball
2-1: Called Strike
2-2: Foul Ball, location: 2F
2-2: Foul Ball, location: 2F
2-2: Ball
3-2: Foul Ball, location: 2F
3-2: Strikes out swinging
Batting: RHB Anastasio García 0-0: Foul Ball, location: 2F
0-1: Called Strike
0-2: Strikes out swinging
Bottom of the 1st over - 1 run(s), 1 hit(s), 0 error(s), 2 left on base; Calgary 0 - Redwood City 1
TOP OF THE 2ND
Calgary Cowboys batting - Pitching for Redwood City Redwoods : LHP Vic Watts
Batting: RHB Ramón Martínez 0-0: Ball
1-0: Ground out 5-3 (Groundball, 56)
Batting: RHB Derek Carr 0-0: Foul Ball, location: 2F
0-1: Swinging Strike
0-2: Foul Ball, location: 2F
0-2: Strikes out swinging
Batting: RHB Jesús Hernández 0-0: Ball
1-0: Fly out, F8 (Flyball, 8RM)
Top of the 2nd over - 0 run(s), 0 hit(s), 0 error(s), 0 left on base; Calgary 0 - Redwood City 1
BOTTOM OF THE 2ND
Redwood City Redwoods batting - Pitching for Calgary Cowboys : RHP Bert Killick
Batting: RHB William Parker 0-0: Ball
1-0: Foul Ball, location: 2F
1-1: Ball
2-1: Ball
3-1: Called Strike
3-2: Foul Ball, location: 2F
3-2: Strikes out swinging
Batting: RHB Dan Martin 0-0: Called Strike
0-1: Ball
1-1: Called Strike
1-2: Strikes out swinging
Batting: LHB Glen Martin 0-0: Ball
1-0: Foul Ball, location: 2F
1-1: Foul Ball, location: 2F
1-2: Foul Ball, location: 2F
1-2: Foul Ball, location: 2F
1-2: Ball
2-2: Fly out, F9 (Line Drive, 9S)
Bottom of the 2nd over - 0 run(s), 0 hit(s), 0 error(s), 0 left on base; Calgary 0 - Redwood City 1
TOP OF THE 3RD
Calgary Cowboys batting - Pitching for Redwood City Redwoods : LHP Vic Watts
Batting: RHB Shayne Burry 0-0: Foul Ball, location: 2F
0-1: Ground out 1-3 (Groundball, 15S)
Batting: LHB Freddy Herrera 0-0: Ground out U3 (Groundball, 3)
Batting: RHB Tom Yarbrough 0-0: Ball
1-0: Ball
2-0: Foul Ball, location: 2F
2-1: SINGLE (Line Drive, 89S)
Batting: RHB Clark Hodge 0-0: Foul Ball, location: 2F
0-1: Called Strike
0-2: Ball
1-2: Strikes out swinging
Top of the 3rd over - 0 run(s), 1 hit(s), 0 error(s), 1 left on base; Calgary 0 - Redwood City 1
BOTTOM OF THE 3RD
Redwood City Redwoods batting - Pitching for Calgary Cowboys : RHP Bert Killick
Batting: LHB Alfonso Montoya 0-0: Ball
1-0: Called Strike
1-1: Foul Ball, location: 2F
1-2: Fly out, F2 (Popup, 2L)
Batting: LHB Juan Hernández 0-0: Ball
1-0: Ball
2-0: Ground out 5-3 (Groundball, 56)
Batting: RHB Joe Flint 0-0: Ball
1-0: Ball
2-0: Foul Ball, location: 2F
2-1: Foul Ball, location: 2F
2-2: Ball
3-2: Ground out 6-3 (Groundball, 6)
Bottom of the 3rd over - 0 run(s), 0 hit(s), 0 error(s), 0 left on base; Calgary 0 - Redwood City 1
TOP OF THE 4TH
Calgary Cowboys batting - Pitching for Redwood City Redwoods : LHP Vic Watts
Batting: RHB Mike Wilcox 0-0: Fly out, F9 (Line Drive, 9LM)
Batting: RHB Dan Wyatt 0-0: Ball
1-0: Swinging Strike
1-1: Swinging Strike
1-2: Foul Ball, location: 2F
1-2: Ball
2-2: Foul Ball, location: 2F
2-2: Strikes out looking
Batting: RHB Ramón Martínez 0-0: Called Strike
0-1: Ground out 6-3 (Groundball, 6D)
Top of the 4th over - 0 run(s), 0 hit(s), 0 error(s), 0 left on base; Calgary 0 - Redwood City 1
BOTTOM OF THE 4TH
Redwood City Redwoods batting - Pitching for Calgary Cowboys : RHP Bert Killick
Batting: RHB Robinson Martínez 0-0: Called Strike
0-1: Foul Ball, location: 2F
0-2: Ball
1-2: Strikes out looking
Batting: LHB Tony Warrilow 0-0: Ball
1-0: Called Strike
1-1: Foul Ball, location: 2F
1-2: Strikes out swinging
Batting: RHB Anastasio García 0-0: Ball
1-0: Ball
2-0: Ball
3-0: Base on Balls
Batting: RHB William Parker 0-0: Ball
1-0: Swinging Strike
1-1: Foul Ball, location: 2F
1-2: Strikes out swinging
Bottom of the 4th over - 0 run(s), 0 hit(s), 0 error(s), 1 left on base; Calgary 0 - Redwood City 1
TOP OF THE 5TH
Calgary Cowboys batting - Pitching for Redwood City Redwoods : LHP Vic Watts
Batting: RHB Derek Carr 0-0: Called Strike
0-1: Foul Ball, location: 2F
0-2: Ball
1-2: Ball
2-2: Foul Ball, location: 2F
2-2: Foul Ball, location: 2F
2-2: Strikes out looking
Batting: RHB Jesús Hernández 0-0: Fly out, F9 (Line Drive, 9S)
Batting: RHB Shayne Burry 0-0: Ball
1-0: Foul Ball, location: 2F
1-1: Swinging Strike
1-2: Ball
2-2: Strikes out swinging
Top of the 5th over - 0 run(s), 0 hit(s), 0 error(s), 0 left on base; Calgary 0 - Redwood City 1
BOTTOM OF THE 5TH
Redwood City Redwoods batting - Pitching for Calgary Cowboys : RHP Bert Killick
Batting: RHB Dan Martin 0-0: Called Strike
0-1: Foul Ball, location: 2F
0-2: Fly out, F2 (Popup, 23F)
Batting: LHB Glen Martin 0-0: Ball
1-0: Ball
2-0: Ball
3-0: Called Strike
3-1: Base on Balls
Batting: LHB Alfonso Montoya 0-0: Called Strike
0-1: SINGLE (Flyball, 8RS)
Glen Martin to second
Batting: LHB Juan Hernández 0-0: Fly out, F7 (Line Drive, 7M)
Batting: RHB Joe Flint 0-0: Ball
1-0: Fly out, F3 (Popup, 3L)
Bottom of the 5th over - 0 run(s), 1 hit(s), 0 error(s), 2 left on base; Calgary 0 - Redwood City 1
TOP OF THE 6TH
Calgary Cowboys batting - Pitching for Redwood City Redwoods : LHP Vic Watts
Batting: LHB Freddy Herrera 0-0: Foul Ball, location: 2F
0-1: Foul Ball, location: 2F
0-2: Strikes out looking
Batting: RHB Tom Yarbrough 0-0: Ball
1-0: Ball
2-0: Ground out U3 (Groundball, 3)
Batting: RHB Clark Hodge 0-0: Ball
1-0: Swinging Strike
1-1: Swinging Strike
1-2: Strikes out swinging
Top of the 6th over - 0 run(s), 0 hit(s), 0 error(s), 0 left on base; Calgary 0 - Redwood City 1
BOTTOM OF THE 6TH
Redwood City Redwoods batting - Pitching for Calgary Cowboys : RHP Bert Killick
Pitching: RHP Richard Boyd
Batting: RHB Robinson Martínez 0-0: Ground out 3-1 (Groundball, 34S)
Batting: LHB Tony Warrilow 0-0: Foul Ball, location: 2F
0-1: Ball
1-1: Called Strike
1-2: Ball
2-2: Fly out, F6 (Popup, 6D)
Batting: RHB Anastasio García 0-0: Ground out 1-3 (Groundball, 13)
Bottom of the 6th over - 0 run(s), 0 hit(s), 0 error(s), 0 left on base; Calgary 0 - Redwood City 1
TOP OF THE 7TH
Calgary Cowboys batting - Pitching for Redwood City Redwoods : LHP Vic Watts
Batting: RHB Mike Wilcox 0-0: Ball
1-0: Called Strike
1-1: Ball
2-1: Called Strike
2-2: Ground out 6-3 (Groundball, 6M)
Batting: RHB Dan Wyatt 0-0: Ball
1-0: Ball
2-0: Ball
3-0: Called Strike
3-1: Called Strike
3-2: Strikes out swinging
Batting: RHB Ramón Martínez 0-0: Ball
1-0: Ball
2-0: Ground out 4-3 (Groundball, 4M)
Top of the 7th over - 0 run(s), 0 hit(s), 0 error(s), 0 left on base; Calgary 0 - Redwood City 1
BOTTOM OF THE 7TH
Redwood City Redwoods batting - Pitching for Calgary Cowboys : RHP Richard Boyd
Batting: RHB William Parker 0-0: Ground out 4-3 (Groundball, 4MS)
Batting: RHB Dan Martin 0-0: Called Strike
0-1: Fly out, F8 (Flyball, 8RM)
Batting: LHB Glen Martin 0-0: Fly out, F7 (Line Drive, 78D)
Bottom of the 7th over - 0 run(s), 0 hit(s), 0 error(s), 0 left on base; Calgary 0 - Redwood City 1
TOP OF THE 8TH
Calgary Cowboys batting - Pitching for Redwood City Redwoods : LHP Vic Watts
Now at C: Orlando Santos
Batting: RHB Derek Carr 0-0: Foul Ball, location: 2F
0-1: Swinging Strike
0-2: Ball
1-2: Strikes out swinging
Batting: RHB Jesús Hernández 0-0: Called Strike
0-1: Called Strike
0-2: SOLO HOME RUN (Flyball, 7LD), Distance : 340 ft
Batting: RHB Shayne Burry 0-0: Foul Ball, location: 2F
0-1: SINGLE (Flyball, 8RS)
Batting: LHB Freddy Herrera 0-0: Ball
1-0: Called Strike
1-1: Called Strike
1-2: Strikes out swinging
Batting: RHB Tom Yarbrough 0-0: Called Strike
0-1: Ground out 4-3 (Groundball, 4)
Top of the 8th over - 1 run(s), 2 hit(s), 0 error(s), 1 left on base; Calgary 1 - Redwood City 1
BOTTOM OF THE 8TH
Redwood City Redwoods batting - Pitching for Calgary Cowboys : RHP Richard Boyd
Pitching: LHP Alfredo Durán
Pinch Hitting: RHB Fu Tse 0-0: Ball
1-0: Swinging Strike
1-1: Ball
2-1: Ball
3-1: Foul Ball, location: 2F
3-2: Fly out, F7 (Flyball, 78M)
Batting: LHB Juan Hernández 0-0: Foul Ball, location: 2F
0-1: Foul Ball, location: 2F
0-2: Foul Ball, location: 2F
0-2: Foul Ball, location: 2F
0-2: Ball
1-2: Foul Ball, location: 2F
1-2: Ball
2-2: Strikes out swinging
Batting: RHB Joe Flint 0-0: Ground out 5-3 (Groundball, 5)
Bottom of the 8th over - 0 run(s), 0 hit(s), 0 error(s), 0 left on base; Calgary 1 - Redwood City 1
TOP OF THE 9TH
Calgary Cowboys batting - Pitching for Redwood City Redwoods : LHP Vic Watts
Pitching: LHP George Owens
Now at 1B: Fu Tse
Batting: RHB Clark Hodge 0-0: Ball
1-0: Called Strike
1-1: SINGLE (Line Drive, 9S)
Batting: RHB Mike Wilcox 0-0: Ball
1-0: Called Strike
1-1: Ball
2-1: Swinging Strike
2-2: Ball
3-2: SINGLE (Line Drive, 56D)
Clark Hodge to second
Batting: RHB Dan Wyatt 0-0: Ball
1-0: Ball
2-0: Called Strike
2-1: Ball
3-1: SINGLE (Line Drive, 56)
Clark Hodge to third
Mike Wilcox to second
Runner from 3rd tries for Home, SAFE, no throw or cutoff
Batting: RHB Ramón Martínez 0-0: Called Strike
0-1: Ball
1-1: Ball
2-1: DOUBLE (Flyball, 7D)
Mike Wilcox scores
Dan Wyatt to third
Runner from 3rd tries for Home, SAFE, no throw or cutoff
Pitching: RHP Jim Williams
Batting: RHB Derek Carr 0-0: Swinging Strike
0-1: Ball
1-1: Foul Ball, location: 2F
1-2: Strikes out swinging
Batting: RHB Jesús Hernández 0-0: Ball
1-0: Ball
2-0: Fly out, F9 (Line Drive, 9LM)
Batting: RHB Shayne Burry 0-0: Swinging Strike
0-1: Ball
1-1: Ball
Wild Pitch!
Ramón Martínez to third
2-1: Foul Ball, location: 2F
2-2: Strikes out swinging
Top of the 9th over - 3 run(s), 4 hit(s), 0 error(s), 1 left on base; Calgary 4 - Redwood City 1
BOTTOM OF THE 9TH
Redwood City Redwoods batting - Pitching for Calgary Cowboys : LHP Alfredo Durán
Pitching: RHP Mitsunari Jouda
Batting: RHB Robinson Martínez 0-0: Called Strike
0-1: Foul Ball, location: 2F
0-2: Fly out, F3 (Popup, 3SF)
Batting: LHB Tony Warrilow 0-0: Called Strike
0-1: Foul Ball, location: 2F
0-2: Foul Ball, location: 2F
0-2: Ball
1-2: Ball
2-2: Strikes out swinging
Batting: RHB Orlando Santos 0-0: Ball
1-0: Called Strike
1-1: Swinging Strike
1-2: Ball
2-2: Foul Ball, location: 2F
2-2: Ball
3-2: Ground out 1-3 (Groundball, 13)
Bottom of the 9th over - 0 run(s), 0 hit(s), 0 error(s), 0 left on base; Calgary 4 - Redwood City 1
This league is powered by Out of the Park Baseball, the baseball management simulation game for PC, Mac and Linux
Saturday, April 9th, 2016 - OOTP Baseball 16.8 Build 38